 Dungeon Crawl Stone Soup version 0.19.1-1-g22dce08 (webtiles) character file.

2087 dngmouse the Cleaver (level 9, -1/78 HPs)
             Began as a Hill Orc Fighter on Jan 15, 2017.
             Slain by an orc warrior
             ... wielding a +0 long sword
              (13 damage)
             ... on level 7 of the Dungeon.
             The game lasted 00:18:37 (6026 turns).

dngmouse the Cleaver (Hill Orc Fighter)             Turns: 6026, Time: 00:18:37

Health: -1/78      AC: 13    Str: 22    XL:     9   Next: 27%
Magic:  9/9        EV:  4    Int:  8    God:
Gold:   612        SH:  9    Dex: 10    Spells: 0 memorised, 8 levels left

rFire  . . .     SeeInvis .     a - +1 war axe
rCold  . . .     Gourm    .     I - +0 plate armour
rNeg   . . .     Faith    .     c - +0 shield
rPois  .         Spirit   .     (no helmet)
rElec  .         Reflect  .     o - +1 cloak
rCorr  .         Harm     .     (no gloves)
MR     +....                    (no boots)
Stlth  ..........               (no amulet)
                                D - ring of protection from magic
                                s - +2 ring of slaying

@: no status effects
A: no striking features
a: no special abilities


You were on level 7 of the Dungeon.
You were not hungry.

You visited 1 branch of the dungeon, and saw 6 of its levels.
You visited the Abyss 1 time.
You also visited: Sewer and Ossuary.

You collected 612 gold pieces.

Inventory:

Hand Weapons
 a - a +1 war axe (weapon)
 t - a +2 flail of protection
Missiles
 E - 2 throwing nets (quivered)
Armour
 c - a +0 shield (worn)
 o - a +1 cloak (worn)
 I - a +0 plate armour (worn)
Jewellery
 l - an uncursed ring of stealth {unknown}
 n - a +3 ring of dexterity
 r - an uncursed ring of ice
 s - a +2 ring of slaying (left hand)
 D - a ring of protection from magic (right hand)
Scrolls
 e - 5 scrolls of identify
 g - 8 scrolls of remove curse
 h - a scroll of enchant armour
 i - a scroll of recharging
 q - 3 scrolls of teleportation
 v - 2 scrolls of fog {unknown}
 x - 2 scrolls of amnesia
 y - a scroll of summoning {unknown}
 B - a scroll of immolation
 G - a scroll of blinking
 J - a scroll of fear {unknown}
 K - a scroll of magic mapping {unknown}
Potions
 d - 5 potions of might
 p - 3 potions of flight
 u - 2 potions of brilliance
 w - a potion of heal wounds
 A - 8 potions of curing
 C - 2 potions of haste {unknown}
 F - a potion of cancellation
 H - a potion of agility
Comestibles
 b - 4 meat rations
 f - 4 bread rations
 j - a beef jerky
 k - a slice of pizza
 z - 2 fruits
 L - 4 chunks of flesh


   Skills:
 - Level 6.5 Fighting
 * Level 13.9 Axes
 - Level 3.2 Armour
 - Level 3.2 Shields


You had 8 spell levels left.
You didn't know any spells.

Dungeon Overview and Level Annotations

Branches:
Dungeon (5/15)
 Temple: D:4-7

Altars:
Cheibriados
Dithmenos
Fedhas
Gozag
Okawaru
Qazlal
The Shining One

Shops:
D:4 }[


Message History

Press: ? - help, Shift-Dir - straight line, f - orc warrior
Aim: an orc warrior, wielding a long sword, wearing a plate armour and wearing a blackened emerald ring (almost dead)
You throw a tomahawk.
The tomahawk hits the orc warrior but does no damage.
The orc warrior is almost dead.
The orc warrior hits you but does no damage.
Throwing (i - inventory. (,) - cycle):
m - 2 tomahawks (quivered)
Press: ? - help, Shift-Dir - straight line, f/p - orc warrior
Aim: an orc warrior, wielding a long sword, wearing a plate armour and wearing a blackened emerald ring (almost dead)
You throw a tomahawk.
The tomahawk hits the orc warrior but does no damage.
The orc warrior is almost dead.
You block the orc warrior's attack.
Throwing (i - inventory. (,) - cycle):
m - a tomahawk (quivered)
Press: ? - help, Shift-Dir - straight line, f/p - orc warrior
Aim: an orc warrior, wielding a long sword, wearing a plate armour and wearing a blackened emerald ring (almost dead)
You throw a tomahawk.
The tomahawk barely misses the orc warrior.
The orc warrior hits you with a long sword!
You die...

#.# ##..... #(#
#..##.# #(# #.###.#
#(# #.# #.# #.# #รท#
#.. ########.########
#.# ###
................###.#
#
.#######o...........#
#@######.##### #.#
##.## #.#
#...######## #.#
#........... #.#
#...######## #.#
##### #.# ..#


You could see an orc warrior.

Vanquished Creatures
  An orc warrior (D:5)
  3 centaurs
  An ogre (D:4)
  6 big kobolds
  3 howler monkeys (D:7)
  A bullfrog skeleton (D:5)
  A gnoll shaman (D:4)
  4 orc priests
  An iguana (D:5)
  7 orc wizards
  5 worker ants
  A killer bee zombie (D:4)
  A big kobold zombie (Ossuary)
  8 mummies (Ossuary)
  19 gnolls
  6 adders
  3 river rats
  A worm (D:5)
  3 adder skeletons
  A dart slug (D:2)
  2 leopard geckos
  27 orcs
  6 ball pythons (Sewer)
  4 bats
  A giant cockroach (D:3)
  26 goblins
  31 hobgoblins
  14 jackals
  2 quokkas (D:4)
  5 frilled lizards
  3 hobgoblin zombies (Ossuary)
  19 kobolds
  A kobold zombie (Ossuary)
  3 orc zombies (Ossuary)
  31 rats
251 creatures vanquished.

Notes
Turn   | Place    | Note
-------+----------+-------------------------------------------
     0 | D:1      | dngmouse the Hill Orc Fighter began the quest for the Orb.
     0 | D:1      | Reached XP level 1. HP: 19/19 MP: 1/1
    49 | D:1      | Reached skill level 3 in Axes
    53 | D:1      | Reached XP level 2. HP: 20/27 MP: 2/2
   472 | D:2      | Reached XP level 3. HP: 33/33 MP: 3/3
   504 | D:2      | Reached skill level 4 in Axes
   513 | D:2      | Found a snail-covered altar of Cheibriados.
   932 | D:2      | Reached XP level 4. HP: 41/41 MP: 4/4
  1110 | D:2      | Reached skill level 5 in Axes
  1531 | D:2      | Cast into level 1 of the Abyss (gnoll)
  1538 | Abyss:1  | Noticed a small abomination
  1559 | D:2      | Escaped the Abyss
  1914 | D:3      | Found a glowing drain.
  1918 | D:3      | Reached skill level 5 in Fighting
  1924 | D:3      | Reached XP level 5. HP: 45/48 MP: 5/5
  1941 | Sewer    | Entered a sewer
  2040 | Sewer    | Noticed a big kobold
  2040 | Sewer    | Noticed a big kobold
  2053 | Sewer    | Killed a big kobold
  2053 | Sewer    | Reached skill level 6 in Axes
  2058 | Sewer    | Killed a big kobold
  2058 | Sewer    | Reached XP level 6. HP: 39/56 MP: 6/6
  2137 | Sewer    | Reached skill level 7 in Axes
  2451 | D:3      | Found a glowing golden altar of the Shining One.
  2870 | D:3      | Found an opulent altar of Gozag.
  2876 | D:3      | Found an iron altar of Okawaru.
  2876 | D:3      | Found a blossoming altar of Fedhas.
  2879 | D:3      | Found a stormy altar of Qazlal.
  2967 | D:3      | Reached XP level 7. HP: 30/63 MP: 7/7
  2979 | D:3      | Reached skill level 8 in Axes
  3480 | D:4      | Found Celemod's Antique Armour Emporium.
  3523 | D:4      | Reached skill level 9 in Axes
  3897 | D:4      | Reached skill level 10 in Axes
  3924 | D:4      | Reached XP level 8. HP: 52/71 MP: 8/8
  4087 | D:4      | Reached skill level 11 in Axes
  4781 | D:4      | Found Qualof's Gadget Emporium.
  4972 | D:5      | Entered Level 5 of the Dungeon
  4987 | D:5      | Reached skill level 12 in Axes
  5069 | D:5      | Found a sand-covered staircase.
  5193 | Ossuary  | Entered an ossuary
  5244 | Ossuary  | Reached XP level 9. HP: 56/78 MP: 9/9
  5412 | D:5      | Found a shadowy altar of Dithmenos.
  5494 | D:5      | Reached skill level 13 in Axes
  5890 | D:5      | You fall through a shaft for 2 floors!
  6026 | D:7      | Slain by an orc warrior

Skill      XL: |  1  2  3  4  5  6  7  8  9 |
---------------+----------------------------+-----
Axes           | 3 4 5 6 7 10 12 13 | 13.9
Fighting       | 4 5 6 |  6.5
Armour         | |  3.2
Shields        | |  3.2

Action                   |  1- 3 |  4- 6 |  7- 9 || total
-------------------------+-------+-------+-------++-------
Melee: War axe           |   101 |   173 |   419 ||   693
Throw: Tomahawk          |       |       |     3 ||     3
  Use: Potion            |     1 |     1 |     7 ||     9
       Scroll            |       |       |    10 ||    10
  Eat: Chunk             |       |     7 |    10 ||    17
       Fruit             |       |       |     1 ||     1
Armor: Scale mail        |    32 |       |       ||    32
       Chain mail        |    38 |    93 |   186 ||   317
       Plate armour      |       |       |    17 ||    17
Dodge: Dodged            |    38 |    46 |    82 ||   166
Block: Shield            |    69 |    87 |   184 ||   340
